[Event "Early-Titled-Tuesday-Blitz-January-23-2024"]
[Site "Chess.com"]
[Date "2024.01.23"]
[Round "11"]
[White "LuminaryHunter"]
[Black "BeardedNM"]
[Result "0-1"]
[WhiteElo "2105"]
[BlackElo "2207"]
[TimeControl "180+1"]
[EndTime "10:08:14 PST"]
[Termination "BeardedNM won by checkmate"]

1. e4 e6 2. d4 d5 3. e5 c5 4. Nf3 Nc6 5. Be3 cxd4 6. Bxd4 Nge7 7. Be2 Nf5 8. c3 Be7 9. Nbd2 O-O 10. Nf1 Ncxd4 11.
Nxd4 Nxd4 12. Qxd4 Qb6 13. Qxb6 axb6 14. Ne3 Bd7 15. Kd2 Ra5 16. Nc2 Rfa8 17. a3 Bg5+ 18. Ke1 Bf4 19. g3 Bxe5 20. f4 Bf6 21. Kf2 Rc5 22. Nb4 d4 23. Rad1 Bc6 24. Nxc6 bxc6 25. cxd4 Rd5 26. Ke3 Rad8 27. Bf3 Rxd4 28. Rxd4 Bxd4+ 29. Ke2 c5 30. b3 Bc3 31. Rd1 Rxd1 32. Kxd1 Kf8 33. a4 Ke7 34. h3 Bd4 35. Ke2 Kd6 36. Kd3 e5 37. fxe5+ Kxe5 38. Be4 f5 39. Bc6 h5 40.
Be8 Bf2 41. Bxh5 Bxg3 42. Bf3 g5 43. Kc4 Bf2 44. Kb5 Kf4 45. Bd5 g4 46. hxg4 fxg4 47.
Kxb6 c4+ 48. Kb7 c3 49. a5 c2 50. a6 c1=Q 51. a7 Bxa7 52. Kxa7 Qc5+ 53. Ka6 Qxd5 54. b4 Qb3 55. b5 Qxb5+ 56. Kxb5 g3 57. Kc4 g2 58. Kd3 g1=Q 59. Kc4 Qg3 60. Kd5 Qe3 61. Kc4 Qd2 62. Kc5 Qd3 63. Kc6 Qd4 64. Kb5 Qc3 65. Kb6 Qc4 66. Kb7 Qc5 67. Kb8 Qe7 68. Kc8 Ke5 69. Kb8 Kd6 70. Ka8 Kc6 71. Kb8 Qb7# 0-1

[Event "Early-Titled-Tuesday-Blitz-January-23-2024"]
[Site "Chess.com"]
[Date "2024.01.23"]
[Round "11"]
[White "Shuvalov"]
[Black "JonasEilenberg"]
[Result "0-1"]
[WhiteElo "2474"]
[BlackElo "2571"]
[TimeControl "180+1"]
[EndTime "10:08:15 PST"]
[Termination "JonasEilenberg won by resignation"]

1. d4 d5 2. c4 e6 3. Nc3 a6 4. c5 b6 5. cxb6 c5 6. dxc5 Bxc5 7. Na4 Bxb6 8. Nxb6 Qxb6 9. Nf3 Nc6 10. e3 Nf6 11. Be2 O-O 12. O-O a5 13. b3 Ba6 14. Bb2 Ne4 15. Rc1 a4 16. Nd4 Bxe2 17. Qxe2 Nb4 18. a3 Na6 19. b4 Rfc8 20. Qg4 Nf6 21. Qh4 Nxb4 22. axb4 Qxb4 23. Rb1 a3 24. Ba1 Qc4 25. Nf3 a2 26. Rbd1 Qxh4 27. Nxh4 Ne4 28. Nf3 Rab8 29. Nd4 Nd6 30. g3 Nc4 31. Rc1 Rb7 32. Rc2 Ra8 33. Rfc1 Rb1 34. Kg2 Rab8 35. Ne2 Rxc1 36. Rxc1 Rb1 37. Bc3 f6 38. Kf1 e5 39. Ke1 Kf7 40. Kd1 Na3 41. f4 Ke6 42. g4 Nc4 43.
f5+ Kd6 44. e4 d4 45. Nxd4 exd4 46. Bxd4 Nb2+ 47. Bxb2 Rxb2 48. Ke1 Rxh2 49. Ra1 Rh1+ 50. Kd2 Rxa1 51. Kd3 Rg1 52. e5+ Kxe5 53. g5 a1=N 0-1

[Event "Early-Titled-Tuesday-Blitz-January-23-2024"]
[Site "Chess.com"]
[Date "2024.01.23"]
[Round "11"]
[White "jhedigm"]
[Black "01Roman"]
[Result "1-0"]
[WhiteElo "2554"]
[BlackElo "2464"]
[TimeControl "180+1"]
[EndTime "10:08:17 PST"]
[Termination "jhedigm won by resignation"]

1. c3 e5 2. d4 Nc6 3. dxe5 Nxe5 4. e4 Nf6 5. Nd2 d5 6. f4 Nc6 7. e5 Nd7 8. Ndf3 Nb6 9. Bb5 Be7 10. Ne2 O-O 11.
O-O Bc5+ 12. Kh1 Ne7 13. Ned4 c6 14. Bd3 f6 15. Qc2 f5 16. Be3 Bxd4 17. cxd4 Ng6 18. a4 Nh4 19. b3 Be6 20. a5 Nd7 21. a6 Nxf3 22. Rxf3 b6 23. Qxc6 Qe7 24. Qb5 Rac8 25. Bd2 Rfe8 26. Bb4 Qf7 27. Raf1 Nb8 28. Qa4 Nc6 29. Bd2 Bd7 30. Qa1 Qe7 31. Bb1 Nb4 32. Qa3 Nc2 33. Qb2 Nb4 34. Rh3 g6 35. Rc3 Bb5 36. Rfc1 Bxa6 37. Rxc8 Rxc8 38. Rxc8+ Bxc8 39. Qc3 a5 40. Qxc8+ Kf7 41. h3 Qh4 42. Qd7+ Kf8 43. e6 Qe7 44. Bxb4 axb4 45. Bd3 Qxd7 46. exd7 Ke7 47. Bb5 Kd8 48. Kh2 Ke7 49. Kg3 Kd8 50.
Kh4 h6 51. g4 fxg4 52. hxg4 Ke7 53. f5 gxf5 54. gxf5 1-0

[Event "Early-Titled-Tuesday-Blitz-January-23-2024"]
[Site "Chess.com"]
[Date "2024.01.23"]
[Round "11"]
[White "DeArron_Fox"]
[Black "Lady_Nika"]
[Result "0-1"]
[WhiteElo "2447"]
[BlackElo "2559"]
[TimeControl "180+1"]
[EndTime "10:08:18 PST"]
[Termination "Lady_Nika won by checkmate"]

1. d4 d5 2. c4 e6 3. Nc3 f5 4.
Nf3 Nf6 5. Ne5 c6 6. e3 Bd6 7. f4 O-O 8. Be2 Bxe5 9. fxe5 Ne4 10. O-O Nd7 11. Bd2 Nxd2 12. Qxd2 dxc4 13. Bxc4 Nb6 14. Bd3 Qg5 15. Qf2 Bd7 16. Qf4 Qe7 17. e4 g5 18.
Qg3 f4 19. Qg4 Qg7 20. h4 h6 21. hxg5 hxg5 22. Ne2 Rad8 23. g3 fxg3 24. Nxg3 Bc8 25.
Nh5 Qh6 26. Nf6+ Kg7 27. Kg2 Rxd4 28. Rh1 Rxf6 29. exf6+ Qxf6 30. Rh7+ Kg8 31. Rf1 Qxf1+ 32. Bxf1 Kxh7 33. Qxg5 Rd7 34. Qh5+ Kg8 35. Qe8+ Kh7 36.
e5 Rg7+ 37. Kf3 Rd7 38. Ke3 Nd5+ 39. Kf3 Nb6 40. Qh5+ Kg8 41. Qg5+ Rg7 42. Qh6 Rf7+ 43. Ke4 Bd7 44. Bh3 Nd5 45. Qg6+ Kf8 46. Qh6+ Ke7 47. Qh4+ Ke8 48. Qh8+ Rf8 49. Qh5+ Kd8 50. Kd4 Rf4+ 51. Kc5 Kc7 52. Bxe6 b6# 0-1

[Event "Early-Titled-Tuesday-Blitz-January-23-2024"]
[Site "Chess.com"]
[Date "2024.01.23"]
[Round "11"]
[White "Zheenbekov86"]
[Black "GrotBchess"]
[Result "0-1"]
[WhiteElo "2451"]
[BlackElo "2296"]
[TimeControl "180+1"]
[EndTime "10:08:20 PST"]
[Termination "GrotBchess won by checkmate"]

1. c4 e6 2. Nc3 d5 3. d4 Nf6 4.
Nf3 c5 5. cxd5 exd5 6. g3 Nc6 7. Bg2 cxd4 8. Nxd4 Bc5 9. Nb3 Bb6 10. O-O d4 11.
Na4 O-O 12. Bg5 h6 13. Nxb6 axb6 14. Bf4 Be6 15. a3 Bd5 16. Qd3 Bxg2 17. Kxg2 Qd5+ 18. Kg1 Rfe8 19. Rfd1 Ra4 20. Rac1 h5 21. h4 Ng4 22. Nd2 Nge5 23. Bxe5 Nxe5 24. Qe4 Qxe4 25. Nxe4 Nc6 26.
f3 f5 27. Ng5 Rxe2 28. Re1 Rxe1+ 29. Rxe1 Kf8 30. Kf2 Rc4 31. Re2 Rc1 32. Rd2 Ke7 33.
Ke2 Kd6 34. Kd3 Kd5 35. Re2 Ne5+ 36. Kd2 Rc7 37. b3 Rc3 38. f4 Nf3+ 39. Nxf3 Rxf3 40.
Re5+ Kd6 41. Rxf5 Rxb3 42. Rg5 Rxa3 43. Rxg7 Kd5 44. f5 Ke4 45. f6 Ra2+ 46. Kc1 Rf2 47. f7 Kd3 48. Rg5 Rxf7 49. Rxh5 Kc3 50. Rh6 Rf1# 0-1

[Event "Early-Titled-Tuesday-Blitz-January-23-2024"]
[Site "Chess.com"]
[Date "2024.01.23"]
[Round "11"]
[White "Ducke13"]
[Black "Ezov"]
[Result "1-0"]
[WhiteElo "2302"]
[BlackElo "2212"]
[TimeControl "180+1"]
[EndTime "10:08:20 PST"]
[Termination "Ducke13 won on time"]

1. d4 d5 2. Nf3 c5 3. g3 Nc6 4. Bg2 h5 5. dxc5 h4 6. Nxh4 e5 7. c4 d4 8. b4 Be7 9. Nf3 e4 10.
Nfd2 f5 11. a3 Nf6 12. Bb2 Be6 13. Nb3 Bxc4 14. Nxd4 Qc7 15. Nd2 Nxd4 16. Nxc4 Ne6 17. Qb3 O-O-O 18. Nd6+ Rxd6 19. cxd6 Qxd6 20. Rd1 Qb6 21.
Be5 Rd8 22. Qc4+ Qc6 23. Qxc6+ bxc6 24. O-O Rd5 25. Bxf6 Bxf6 26. h4 Kb7 27. h5 Nd4 28. e3 Nc2 29. Bh3 Nxa3 30. Rxd5 cxd5 31. Bxf5 Nc2 32.
Rb1 Kb6 33. Be6 Kc6 34. b5+ Kd6 35. Bg8 Na3 36. Rb3 Nc4 37. Kg2 Kc5 38. Rb1 Nd2 39.
Rd1 Nc4 40. Rxd5+ Kb4 41. h6 gxh6 42. Bh7 Bc3 43. Bxe4 Nb6 44. Rd6 Kxb5 45. Rxh6 a5 46. Rh5+ Kb4 47. Bc6 a4 48. Rb5+ 1-0

[Event "Early-Titled-Tuesday-Blitz-January-23-2024"]
[Site "Chess.com"]
[Date "2024.01.23"]
[Round "11"]
[White "Nekoo04"]
[Black "Mikhail_Golubev"]
[Result "1-0"]
[WhiteElo "2381"]
[BlackElo "2485"]
[TimeControl "180+1"]
[EndTime "10:08:22 PST"]
[Termination "Nekoo04 won on time"]

1. d4 Nf6 2. c4 d6 3. Nc3 g6 4. e4 Bg7 5. Nf3 O-O 6. Be2 e5 7. d5 Qe8 8. Bg5 Nh5 9. g3 f5 10. exf5 gxf5 11. O-O f4 12. Nd2 Qg6 13. Nde4 Nf6 14.
Bxf6 Bxf6 15. Bh5 Qg7 16. c5 Bh3 17. Re1 Nd7 18. cxd6 cxd6 19. Nxd6 fxg3 20. hxg3 Bh4 21. Nce4 Nf6 22. Kh2 Nxe4 23. Nxe4 Bf5 24. Nc5 Bc8 25.
Qe2 Be7 26. Ne6 Bxe6 27. dxe6 Rad8 28. Rad1 Rd4 29. Rxd4 exd4 30. Kg2 Bd6 31. Bf3 Qf6 32. Bxb7 d3 33. Qf3 Qxb2 34. Qg4+ Kh8 35. e7 Rxf2+ 36. Kg1 Bc5 37. e8=Q+ Rf8+ 38. Kh1 Qxb7+ 39. Qge4 Rxe8 40. Qxb7 Rxe1+ 41. Kg2 d2 42. Qc8+ Kg7 43. Qd7+ Kg6 44. Qxd2 Re5 45. Qd3+ Kf6 46. Qxh7 Bb6 47. Qh6+ Ke7 48. Qg7+ Kd6 49. g4 Ra5 50. Qf7 Ra3 51.
g5 Re3 52. g6 Re2+ 53. Kh3 1-0

[Event "Early-Titled-Tuesday-Blitz-January-23-2024"]
[Site "Chess.com"]
[Date "2024.01.23"]
[Round "11"]
[White "simonachess"]
[Black "Smiechu"]
[Result "1-0"]
[WhiteElo "2367"]
[BlackElo "2462"]
[TimeControl "180+1"]
[EndTime "10:08:23 PST"]
[Termination "simonachess won by resignation"]

1. d4 Nf6 2. c4 c5 3. d5 e6 4. Nc3 exd5 5. cxd5 d6 6. e4 g6 7. Nf3 Bg7 8. h3 O-O 9. Bd3 a6 10. a4 Re8 11. O-O Nbd7 12. Re1 Ne5 13. Be2 Nxf3+ 14.
Bxf3 Nd7 15. g3 Ne5 16. Bg2 c4 17. a5 Rb8 18. Be3 Nd3 19. Re2 Nxb2 20. Rxb2 Bxc3 21. Bd4 Bxb2 22. Bxb2 Bd7 23. Qd4 f6 24. Qxc4 b5 25. Qd4 Kf7 26. h4 Qe7 27. f4 Rec8 28. Rf1 Rc4 29.
Qd2 Rbc8 30. e5 Rc2 31. e6+ Bxe6 32. dxe6+ Qxe6 33. Qd4 R8c4 34. Qa7+ Kf8 35. Bd4 Qe2 36. Qa8+ Kg7 37. Qb7+ Rc7 38. Qa8 Rd2 39. Bb6 Rcc2 40. Qb7+ Kh6 41. Bf2 Rd1 42. Rxd1 Qxd1+ 43. Bf1 Qd2 44. Qf3 b4 45. f5 Kg7 46. fxg6 hxg6 47.
h5 gxh5 48. Bd3 Qxf2+ 49. Qxf2 Rxf2 50. Kxf2 Kh6 51. Kf3 Kg5 52. Bxa6 b3 53. Bd3 f5 54. a6 f4 55. gxf4+ Kf6 56. a7 b2 57. a8=Q b1=Q 58. Bxb1 1-0

[Event "Early-Titled-Tuesday-Blitz-January-23-2024"]
[Site "Chess.com"]
[Date "2024.01.23"]
[Round "11"]
[White "DenLaz"]
[Black "Sebastian"]
[Result "1-0"]
[WhiteElo "3100"]
[BlackElo "3004"]
[TimeControl "180+1"]
[EndTime "10:08:24 PST"]
[Termination "DenLaz won on time"]

1. d4 Nf6 2. c4 e6 3. Nf3 d5 4. g3 Be7 5. Bg2 O-O 6. O-O dxc4 7. Qc2 a6 8. a4 Bd7 9. Qxc4 Bc6 10. Bg5 Nbd7 11.
Nc3 h6 12. Bxf6 Nxf6 13. Rfd1 a5 14. e3 Qb8 15. Rac1 Rd8 16. Qe2 Bb4 17. Ne5 Bxg2 18.
Kxg2 c6 19. Qf3 Qc7 20. Ne2 Qe7 21. h4 Bd6 22. Nc4 Bb4 23. Nf4 Rac8 24. Nd3 Rc7 25.
g4 Nd7 26. Qg3 Rdc8 27. Nxb4 Qxb4 28. g5 h5 29. Nd6 Rf8 30. Nxf7 e5 31. g6 Nf6 32.
dxe5 Ng4 33. Rd4 Qxb2 34. Rcd1 Qc2 35. R1d3 Rcxf7 36. gxf7+ Rxf7 37. Rd2 Qf5 38. Rf4 Qe6 39. Rxf7 Qxf7 40. Qf4 Qg6 41. Qg5 Qf7 42. f3 Nh6 43. e4 Kh7 44. Kg3 Qe8 45. Rd6 Qf7 46. e6 Qc7 47. e5 Qb6 48. Kg2 Qb2+ 49. Rd2 Qb3 50. e7 Qe6 51. Rd6 Qa2+ 52. Kg3 Qf7 53. Kg2 Qa2+ 54.
Kh3 Qb1 55. Qg6+ Qxg6 56. Rxg6 Kxg6 57. e8=Q+ 1-0

[Event "Early-Titled-Tuesday-Blitz-January-23-2024"]
[Site "Chess.com"]
[Date "2024.01.23"]
[Round "11"]
[White "Natalya_Buksa"]
[Black "scarabee43"]
[Result "0-1"]
[WhiteElo "2603"]
[BlackElo "2814"]
[TimeControl "180+1"]
[EndTime "10:08:24 PST"]
[Termination "scarabee43 won by resignation"]

1. d4 Nf6 2. Nc3 d5 3. Bf4 a6 4. e3 Bf5 5. Nf3 h6 6. Ne5 Nbd7 7. g4 Bh7 8. f3 e6 9. h4 Nxe5 10. Bxe5 Bd6 11. Bd3 Bxd3 12. cxd3 Qe7 13. Qb3 O-O-O 14. O-O-O Nd7 15. Bxd6 Qxd6 16. Kb1 Kb8 17. Na4 e5 18. Rc1 exd4 19. exd4 Rhe8 20. Nc5 Qb6 21. Qc3 c6 22. Rhe1 Qc7 23. Qb4 Ka7 24. a4 a5 25. Qc3 Nxc5 26. dxc5 d4 27. Qc4 Qf4 28. Re4 Qxf3 29. Rxd4 Qe3 30.
Rxd8 Rxd8 31. Qc3 Qxd3+ 32. Qxd3 Rxd3 33. g5 hxg5 34. hxg5 Rd5 35. g6 fxg6 36. Ka2 g5 37. Ka3 g4 38. Rc3 Rg5 39. Rg3 Rxc5 40. Rxg4 g5 41.
b4 axb4+ 42. Kxb4 Rd5 43. Kc4 Kb6 44. Re4 Kc7 45. Re7+ Rd7 46. Re4 Rg7 47. Rg4 Kd6 48. Kd4 Ke6 49. Ke4 Kf6 50. a5 Rh7 51. Rg1 Rh4+ 52.
Kf3 Rb4 53. Ra1 Ke5 54. a6 bxa6 55. Ra5+ Kd4 56. Rxa6 c5 57. Rg6 Rb2 58. Rxg5 c4 59. Rg8 Kd3 60. Rd8+ Kc2 61. Ke3 c3 62. Rc8 Rb7 63.
Kd4 Rd7+ 64. Kc4 Kd2 65. Rh8 c2 66. Rh2+ Kc1 67. Kc3 Kb1 68. Rxc2 Rc7+ 69. Kb3 Rxc2 0-1

[Event "Early-Titled-Tuesday-Blitz-January-23-2024"]
[Site "Chess.com"]
[Date "2024.01.23"]
[Round "11"]
[White "Yurasova_Daria"]
[Black "Yeritsyaan"]
[Result "1-0"]
[WhiteElo "2503"]
[BlackElo "2638"]
[TimeControl "180+1"]
[EndTime "10:08:26 PST"]
[Termination "Yurasova_Daria won by resignation"]

1. d4 Nf6 2. Bg5 e6 3. e4 d5 4. Nd2 dxe4 5. Nxe4 Be7 6. Nxf6+ gxf6 7. Be3 c5 8. dxc5 Qc7 9. b4 a5 10. c3 Nc6 11.
Bb5 Bd7 12. Qb3 Rg8 13. Nf3 Rxg2 14. O-O-O axb4 15. cxb4 Rg4 16. a3 Nb8 17. Qd3 Bxb5 18. Qxb5+ Nc6 19. Rhg1 Rxg1 20. Rxg1 O-O-O 21. Kb1 Ne5 22. Nd4 f5 23. Qa4 Kb8 24. Nb5 Qc6 25. Qa7+ Kc8 26. Qa8+ Kd7 27. Rd1+ Ke8 28. Rxd8+ Bxd8 29. Nd6+ Kf8 30. Qxd8+ Kg7 31. Qg5+ Kf8 32. Qh6+ Kg8 33.
Bd4 Qh1+ 34. Qc1 Qxh2 35. Bxe5 Qxe5 36. Qg5+ Kf8 37. Qh6+ Kg8 38. Qe3 Qd5 39. Kc2 Qa2+ 40. Kd1 Qb1+ 41. Ke2 Qc2+ 42. Kf3 Qd1+ 43. Kg2 Qd5+ 44.
Qf3 Qa2 45. Qxb7 Qxa3 46. Qf3 Qxb4 47. Qe3 Qb3 48. Qxb3 Kg7 49. Qg3+ Kf6 50. c6 Ke7 51. c7 f4 52. Qxf4 1-0

[Event "Early-Titled-Tuesday-Blitz-January-23-2024"]
[Site "Chess.com"]
[Date "2024.01.23"]
[Round "11"]
[White "tolia123"]
[Black "LileKoridze"]
[Result "0-1"]
[WhiteElo "2109"]
[BlackElo "2311"]
[TimeControl "180+1"]
[EndTime "10:08:28 PST"]
[Termination "LileKoridze won by resignation"]

1. e4 c5 2. Nf3 d6 3. d4 cxd4 4. Nxd4 Nf6 5. Nc3 a6 6. f3 e5 7.
Nb3 Be6 8. Be3 Nbd7 9. Qd2 h5 10.
O-O-O Be7 11. Nd5 Nxd5 12. exd5 Bf5 13. Kb1 Qc7 14. Bd3 Bxd3 15. Qxd3 Rc8 16. Rhe1 b5 17. f4 O-O 18. Rc1 exf4 19. Bxf4 Bf6 20. Nd4 Nc5 21. Qd2 Na4 22. Bg5 Be5 23. Bf4 Bxf4 24. Qxf4 Qc4 25. Qe4 Rfe8 26. Qxe8+ Rxe8 27. Rxe8+ Kh7 28. Nf3 Qxd5 29. h4 f6 30. Rce1 Qc5 31. R8e7 Qb4 32. b3 Nc3+ 33. Kb2 Nd5 34. R7e6 Qc3+ 35. Kb1 Nb4 36.
R6e2 d5 37. Rd2 d4 38. Red1 Qe3 39. Nxd4 Nd5 40. Nf5 Nc3+ 41. Kb2 Nxd1+ 42. Rxd1 Qe5+ 43. Nd4 Qg3 44. Nf5 Qg4 45. Ne3 Qxh4 46. Rd3 Qg5 47.
Kb1 f5 48. Kb2 f4 49. Nd5 Qxg2 50. Nxf4 Qg5 51. Nh3 Qe5+ 52. Kb1 g5 53. Rd7+ Kg6 54. Nf2 Qe1+ 55. Nd1 h4 56. Kb2 h3 57. Rd6+ Kf7 58. Rd7+ Ke8 59. Rd3 h2 0-1

[Event "Early-Titled-Tuesday-Blitz-January-23-2024"]
[Site "Chess.com"]
[Date "2024.01.23"]
[Round "11"]
[White "GeorgiosSouleidis"]
[Black "Zq1"]
[Result "1-0"]
[WhiteElo "2636"]
[BlackElo "2508"]
[TimeControl "180+1"]
[EndTime "10:08:30 PST"]
[Termination "GeorgiosSouleidis won on time"]

1. e4 c5 2. Be2 Nc6 3. d3 e5 4. f4 d5 5. exd5 Qxd5 6. Nf3 exf4 7.
Bxf4 Nf6 8. Nc3 Qd8 9. O-O Be7 10. Qd2 O-O 11. Rae1 Nd4 12. Bd1 Be6 13. Kh1 Qd7 14.
Ne5 Qc8 15. Ne4 Nxe4 16. Rxe4 Bd5 17. Ree1 Bd6 18. c3 Ne6 19. Bg3 f6 20. Ng6 hxg6 21. Bxd6 Rf7 22. Qe3 Qc6 23. Bf3 Qxd6 24. Bxd5 Qxd5 25.
Qxe6 Qxd3 26. Rd1 Qb5 27. c4 Qe8 28. Qd5 Rc8 29. Rfe1 Qc6 30. Qd3 f5 31. Qg3 Qf6 32. b3 f4 33. Qg4 Rcf8 34. Rf1 Qf5 35. Qf3 g5 36. Rd5 g4 37. Rxf5 gxf3 38. Rxc5 fxg2+ 39. Kxg2 Rf5 40. Rxf5 Rxf5 41. Kf3 g5 42. Kg4 Re5 43.
Rd1 Kf7 44. Rd7+ Re7 45. Rd5 Re2 46. Kxg5 Rxh2 47. Kxf4 Rxa2 48. Rd7+ Ke6 49. Rxb7 Kd6 50. Ke4 Kc5 51. Rb5+ Kc6 52. Kd4 a5 53. Kc3 a4 54. b4 Ra3+ 55. Kd4 Rb3 56. Rb8 a3 57. b5+ Kc7 58. Ra8 Rh3 59. Ra7+ 1-0

[Event "Early-Titled-Tuesday-Blitz-January-23-2024"]
[Site "Chess.com"]
[Date "2024.01.23"]
[Round "11"]
[White "Grischuk"]
[Black "ilqar_74"]
[Result "1-0"]
[WhiteElo "3075"]
[BlackElo "2902"]
[TimeControl "180+1"]
[EndTime "10:08:32 PST"]
[Termination "Grischuk won by resignation"]

1. d4 Nf6 2. c4 e6 3. Bg5 d5 4. e3 Bb4+ 5. Nc3 h6 6. Bh4 g5 7.
Bg3 Ne4 8. Qc2 h5 9. f3 Nxg3 10. hxg3 c6 11. O-O-O Nd7 12. Kb1 Nf6 13. Nh3 g4 14.
Ng5 Bd7 15. a3 Bxc3 16. Qxc3 Ng8 17. f4 f6 18. Nxe6 Bxe6 19. e4 Ne7 20. f5 Bf7 21. cxd5 cxd5 22. e5 Nxf5 23. Bb5+ Kf8 24. Rhf1 Bg6 25.
Bd3 Qd7 26. Rde1 Re8 27. Qc2 Rc8 28. Qf2 Qh7 29. Bxf5 Bxf5+ 30. Qxf5 Qxf5+ 31. Rxf5 Rc6 32. exf6 Kf7 33. Re7+ Kg6 34. Rxd5 Rxf6 35. Rxb7 Re8 36. Rbb5 Re1+ 37. Ka2 a6 38. Rg5+ Kf7 39. Rb7+ Ke6 40. Rxh5 Re2 41. Rg5 Rxg2 42. Rb6+ Kf7 43. Rxf6+ Kxf6 44.
Rxg4 Rd2 45. Re4 Kf5 46. Re5+ Kf6 47. Ra5 Rxd4 48. Rxa6+ Kf5 49. Rc6 Rd3 50. Rc3 Rd1 51. a4 Ke4 52. Kb3 Rd8 53. Kb4 Kd4 54. Rc4+ Kd5 55. b3 Rb8+ 56. Ka3 Rf8 57. g4 Rf1 58. Kb4 Ra1 59. a5 Kd6 60. Kb5 Kd5 61. b4 Rf1 62.
Rc5+ Kd6 63. g5 Rf8 64. a6 Rb8+ 65. Ka5 1-0

[Event "Early-Titled-Tuesday-Blitz-January-23-2024"]
[Site "Chess.com"]
[Date "2024.01.23"]
[Round "11"]
[White "DefiantChair"]
[Black "Gabrielian_Artur"]
[Result "0-1"]
[WhiteElo "2557"]
[BlackElo "2765"]
[TimeControl "180+1"]
[EndTime "10:08:32 PST"]
[Termination "Gabrielian_Artur won by checkmate"]

1. e4 e5 2. Nf3 Nc6 3. Bb5 a6 4. Ba4 d6 5. c3 Bd7 6. d4 g6 7. O-O Bg7 8. d5 Nce7 9. Bxd7+ Qxd7 10. c4 Nf6 11. Nc3 O-O 12. b4 a5 13. Ba3 axb4 14. Bxb4 b6 15. a4 Nh5 16. a5 bxa5 17. Rxa5 Rxa5 18. Bxa5 Nf4 19. g3 Nh5 20. Nb5 f5 21.
Ng5 c6 22. dxc6 Nxc6 23. Qd5+ Kh8 24. Nxd6 Nf6 25. Ndf7+ Rxf7 26. Nxf7+ Kg8 27. Nh6+ Kf8 28. Qc5+ Ke8 29. exf5 Bxh6 30. fxg6 hxg6 31. Ra1 Kf7 32. Bb6 Bf8 33. Qe3 e4 34. Qe2 Be7 35. Rd1 Qe6 36. Be3 Ne5 37. c5 Qh3 38. Qa2+ Kg7 39. f4 exf3 40.
Bd4 Neg4 41. Rd2 f2+ 42. Rxf2 Nxf2 43. Qxf2 Qe6 44. Kg2 Qd5+ 45. Kg1 Kf7 46. g4 Ke6 47. h3 Ne4 48. Qe3 Bg5 49. Qd3 Bf6 50. Qa6+ Kf7 51. Qa7+ Kg8 52. Qb8+ Kh7 53. Qc7+ Kh6 54.
Be3+ g5 55. Qc8 Qd1+ 56. Kh2 Qe2+ 57. Kh1 Qf3+ 58. Kg1 Qxe3+ 59. Kg2 Qf2+ 60. Kh1 Ng3# 0-1

[Event "Early-Titled-Tuesday-Blitz-January-23-2024"]
[Site "Chess.com"]
[Date "2024.01.23"]
[Round "11"]
[White "ContrVersia"]
[Black "VladimirKramnik"]
[Result "0-1"]
[WhiteElo "2855"]
[BlackElo "2954"]
[TimeControl "180+1"]
[EndTime "10:08:33 PST"]
[Termination "VladimirKramnik won on time"]

1. c4 e6 2. Nf3 Nf6 3. g3 d5 4. b3 Be7 5. Bg2 O-O 6. O-O b6 7. Nc3 Bb7 8. Bb2 d4 9. Nb5 c5 10. e3 a6 11. Na3 Nc6 12. exd4 cxd4 13. Nxd4 Nxd4 14. Bxb7 Ra7 15. Bg2 Rd7 16. Re1 h5 17. Nb1 h4 18. Nc3 hxg3 19. hxg3 Nf5 20. Qf3 Rd3 21.
Qb7 Bc5 22. Kf1 Qd4 23. Nd1 Nxg3+ 24. Kg1 Qh4 25. Ne3 Rxd2 26. Bxf6 Qxf6 27. Qf3 Qxf3 28. Bxf3 Nf5 29. Nxf5 Bxf2+ 30. Kf1 exf5 31. Red1 Rxd1+ 32. Rxd1 Bc5 33. Rd7 Re8 34. Bd5 Re7 35. Rd8+ Kh7 36. Ra8 a5 37. Rb8 g5 38. a3 Kg7 39. b4 axb4 40.
axb4 Bxb4 41. Rxb6 Bc5 42. Rb5 Bd4 43. c5 Re3 44. c6 Rc3 45. Rb4 Be5 46. Rb3 Rxb3 47. Bxb3 g4 48. Bc2 Kf6 49. Ke2 Kg5 50. Bb3 f6 51. Be6 f4 52. Kd3 f3 53. Ke4 Bc7 54. Bc8 Kh4 55. Bd7 Kg3 56. Bc8 f2 57. Ba6 Kg2 0-1

[Event "Early-Titled-Tuesday-Blitz-January-23-2024"]
[Site "Chess.com"]
[Date "2024.01.23"]
[Round "11"]
[White "toninhojit"]
[Black "koncheto"]
[Result "1-0"]
[WhiteElo "2477"]
[BlackElo "2547"]
[TimeControl "180+1"]
[EndTime "10:08:34 PST"]
[Termination "toninhojit won on time"]

1. e4 e5 2. Nf3 Nf6 3. Nc3 Nc6 4. Bb5 Bc5 5. O-O d6 6. h3 O-O 7. d3 h6 8. Be3 Bb6 9. a4 Ne7 10. a5 Bxe3 11. fxe3 c6 12. Ba4 Ng6 13. Qe1 d5 14.
a6 b5 15. Bb3 dxe4 16. Nxe4 Nxe4 17. dxe4 Qb6 18. Kh1 c5 19. Bd5 Rb8 20. Qg3 Be6 21. Nxe5 Bxd5 22. Nxg6 Qxg6 23. Qxg6 fxg6 24. exd5 Rfe8 25.
Rf3 Re5 26. Rd1 Rd8 27. d6 Re6 28. d7 Re7 29. Rd5 Rdxd7 30. Rxc5 Rc7 31. Rxb5 Rxc2 32. b4 Rc6 33. Rb8+ Kh7 34. b5 Rc3 35. Rff8 g5 36. Rb7 Rexe3 37. Rff7 Kg6 38. Rxg7+ Kh5 39. Rge7 Rxe7 40. Rxe7 Rb3 41. Rb7 Kg6 42. Kg1 h5 43.
Kf2 Kf5 44. b6 axb6 45. a7 Ra3 46. Rf7+ Ke6 47. Rg7 Kf6 48. Rb7 Ke5 49. Rh7 h4 50.
Rg7 Kf4 51. Rf7+ Ke4 52. Ke2 Ra2+ 53. Kd1 b5 54. Kc1 b4 55. Kb1 b3 56. Rb7 Kf4 57.
Rb4+ Kf5 58. Rb5+ Kf4 59. Rb4+ Ke5 60. Rb7 1-0

[Event "Early-Titled-Tuesday-Blitz-January-23-2024"]
[Site "Chess.com"]
[Date "2024.01.23"]
[Round "11"]
[White "flomarechot"]
[Black "InitiatingASC"]
[Result "1/2-1/2"]
[WhiteElo "2295"]
[BlackElo "2418"]
[TimeControl "180+1"]
[EndTime "10:08:35 PST"]
[Termination "Game drawn by repetition"]

1. Nf3 Nf6 2. b3 b6 3. Bb2 Bb7 4. e3 e6 5. d4 c5 6. Be2 cxd4 7. Bxd4 Be7 8. O-O O-O 9. c4 d6 10. Bb2 Nbd7 11. Nc3 a6 12. Nd4 Qc7 13. Bf3 Rac8 14. Bxb7 Qxb7 15. Qf3 Qxf3 16. Nxf3 Nc5 17. Rfd1 Rfd8 18.
Kf1 Nfe4 19. Nxe4 Nxe4 20. Nd2 Bf6 21. Bxf6 Nxf6 22. a4 d5 23. Ke2 Kf8 24. Rac1 Ke7 25. f3 dxc4 26. Nxc4 Nd5 27. Kf2 b5 28. axb5 axb5 29.
Ne5 Nb4 30. Rxc8 Rxc8 31. Rd7+ Kf6 32. f4 Rf8 33. Rb7 g5 34. Rxb5 gxf4 35. exf4 Nd5 36. g3 Kf5 37. Kf3 h5 38. h3 Rc8 39. g4+ hxg4+ 40.
hxg4+ Kf6 41. Rb7 Rc3+ 42. Ke4 Kg7 43. Rxf7+ Kg8 44. Rb7 Re3+ 45. Kd4 Rg3 46. f5 exf5 47. Kxd5 fxg4 48. Ke4 Rg1 49. b4 g3 50. Nf3 Rb1 51.
Kf4 g2 52. Kg3 g1=Q+ 53. Nxg1 Rxg1+ 54. Kf2 Rb1 55. Ke3 Kf8 56. Kd4 Ke8 57. Kc5 Kd8 58.
b5 Kc8 59. Rh7 Rg1 60. Rh8+ Kb7 61. Rh7+ Kb8 62. Kb4 Rg6 63. Ka5 Rg1 64. Ka6 Rg6+ 65. b6 Rg8 66. Rb7+ Ka8 67. Ra7+ Kb8 68. Rb7+ Ka8 69. Re7 Rh8 70. Rf7 Rg8 71. Re7 Rd8 72. Ra7+ Kb8 73. Rf7 Rh8 74. Re7 Rg8 75. Rb7+ 1/2-1/2

[Event "Early-Titled-Tuesday-Blitz-January-23-2024"]
[Site "Chess.com"]
[Date "2024.01.23"]
[Round "11"]
[White "Sargsyan_Shant"]
[Black "Zurability"]
[Result "1-0"]
[WhiteElo "2920"]
[BlackElo "2768"]
[TimeControl "180+1"]
[EndTime "10:08:36 PST"]
[Termination "Sargsyan_Shant won by resignation"]

1. c4 e6 2. Nc3 d5 3. d4 Nf6 4. cxd5 exd5 5. Bf4 c6 6. e3 Bd6 7.
Bxd6 Qxd6 8. Bd3 O-O 9. Qf3 Re8 10. h3 c5 11. Nge2 Nc6 12. dxc5 Qxc5 13. O-O Ne5 14.
Bxh7+ Kxh7 15. Qg3 Ng6 16. Rfd1 Kg8 17. Rac1 Qb6 18. b3 Be6 19. Nd4 Rac8 20. f3 Qb4 21.
Qe1 Qe7 22. Qd2 a6 23. Kf2 Nh5 24. Kg1 Qh4 25. Qf2 Qxf2+ 26. Kxf2 Nf6 27. g4 Rc7 28. Rd2 Rec8 29. Rdc2 b5 30. b4 Ne5 31. Ke2 Rc4 32. a3 Nc6 33. Kd3 Ne8 34. Nb3 d4 35.
exd4 Rd8 36. d5 Bxd5 37. Ke3 Nf6 38. Nc5 Re8+ 39. Kf2 Nd4 40. Rd2 Nxf3 41. Rdd1 Ng5 42. Nxd5 Nxd5 43. Rxc4 Nxh3+ 44. Kg3 Re3+ 45. Kh2 bxc4 46.
Rxd5 c3 47. Rd8+ Kh7 48. Rc8 Nf4 49. Nxa6 Nd5 50. b5 Re2+ 51. Kg3 c2 52. Nb4 Ne3 53. b6 Re1 54. Nxc2 Rc1 55. b7 Nxc2 56. b8=Q 1-0